 Dungeon Crawl Stone Soup version 0.27-a0-681-g0c81a3c1c3 (webtiles) character file.

Game seed: 9230053944078294519

560 jestyr24 the Covered (level 7, -17/61 HPs)
             Began as a Minotaur Fighter on Mar 19, 2021.
             Killed from afar by a gnoll shaman (18 damage)
             ... with a bolt of acid
             ... on level 4 of the Dungeon.
             The game lasted 00:11:50 (3099 turns).

jestyr24 the Covered (Minotaur Fighter)             Turns: 3099, Time: 00:11:50

Health: -17/61     AC:  8    Str: 22    XL:     7   Next: 9%
Magic:  6/6        EV:  8    Int:  5    God:
Gold:   84         SH: 10    Dex: 10    Spells: 6/6 levels left

rFire    . . .     SeeInvis .   a - +0 long sword
rCold    . . .     Faith    .   c - +0 kite shield
rNeg     . . .     Spirit   .   b - +0 scale mail
rPois    .         Reflect  .   (helmet restricted)
rElec    .         Harm     .   i - +0 cloak
rCorr    .         Rampage  .   (no gloves)
Will     .....                  (no boots)
Stlth    ..........             (no amulet)
HPRegen  0.20/turn              (no ring)
MPRegen  0.10/turn              (no ring)

@: no status effects
A: horns 2, retaliatory headbutt
a: no special abilities


You were on level 4 of the Dungeon.
You visited 1 branch of the dungeon, and saw 4 of its levels.

You collected 84 gold pieces.

Inventory:

Hand Weapons
 a - a +0 long sword (weapon)
Missiles
 e - 5 boomerangs (quivered)
 h - 17 poisoned darts
Armour
 b - a +0 scale mail (worn)
 c - a +0 kite shield (worn)
 i - a +0 cloak (worn)
 m - a +0 troll leather armour {Purgy}
Wands
 n - a wand of flame (22)
Scrolls
 f - 2 scrolls of teleportation
 g - 2 scrolls of identify
 j - a scroll of enchant weapon {unknown}
 k - a scroll of enchant armour {unknown}
 l - a scroll of random uselessness {unknown}
Potions
 d - 2 potions of might
 o - a potion of ambrosia


   Skills:
 + Level 5.2 Fighting
 - Level 2.4 Long Blades
 + Level 3.4 Throwing
 + Level 5.7 Armour
 + Level 2.4 Dodging
 + Level 5.6 Shields


You had 6 spell levels left.
You didn't know any spells.
Your spell library was empty.

Dungeon Overview and Level Annotations

Branches:
Dungeon (4/15)
 Temple: D:4-7

Altars:
Qazlal


Innate Abilities, Weirdness & Mutations

You have a pair of horns on your head.
You reflexively headbutt those who attack you in melee.


Message History

You kill the gnoll!
A gnoll shaman comes into view.
It is wielding a +0 club and carrying a wand of acid (13).
You see here a +0 halberd.
Throw: 5 boomerangs
Press: ? - help, Q - select action, (/) - cycle Shift-Dir - straight line, f - gnoll shaman
Aim: a gnoll shaman, wielding a +0 club, wearing a +0 robe and carrying a wand of acid (13) (wandering, hasn't noticed you, 63% to hit)
You throw a boomerang. The gnoll shaman shouts!
The boomerang hits the gnoll shaman.
The gnoll shaman is moderately wounded.
Throw: 5 boomerangs
Press: ? - help, Q - select action, (/) - cycle Shift-Dir - straight line, f/p - gnoll shaman
Aim: a gnoll shaman, wielding a +0 club, wearing a +0 robe and carrying a wand of acid (13) (moderately wounded, 63% to hit)
You throw a boomerang. The boomerang hits the gnoll shaman!
The gnoll shaman is almost dead.
The gnoll shaman prays to its god.
The gnoll shaman is healed somewhat.
Throw: 5 boomerangs
Press: ? - help, Q - select action, (/) - cycle Shift-Dir - straight line, f/p - gnoll shaman
Aim: a gnoll shaman, wielding a +0 club, wearing a +0 robe and carrying a wand of acid (13) (heavily wounded, 63% to hit)
You throw a boomerang.
The boomerang closely misses the gnoll shaman.
The gnoll shaman mumbles some strange prayers to its god.
The gnoll shaman is healed somewhat.
Throw: 5 boomerangs
Press: ? - help, Q - select action, (/) - cycle Shift-Dir - straight line, f/p - gnoll shaman
Aim: a gnoll shaman, wielding a +0 club, wearing a +0 robe and carrying a wand of acid (13) (moderately wounded, 63% to hit)
You throw a boomerang.
The boomerang barely misses the gnoll shaman.
The gnoll shaman zaps a wand.
The bolt of acid hits you!
You are splashed with acid!
The gnoll shaman zaps a wand.
The bolt of acid hits you!
* * * LOW HITPOINT WARNING * * *
You are splashed with acid!
* * * LOW HITPOINT WARNING * * *
Unknown command. 2 gnolls come into view.
The gnoll shouts! x2
The gnoll shaman zaps a wand.
The bolt of acid hits you!!
You die...

.... #.[...##.## ...
..........# ..#
#.........# ####.####
#........#
.....##.###........#
......#............#
........#..........##
......###...........##
..†...# ##....).@g...#
.....#####......#g....#
........##...####.##.##
........##.... .g #
#...........).. ...
##.......#....# ....
....†...###...# .....
........# #.### ##....
.#......#


You could see a gnoll shaman and 2 gnolls.

Vanquished Creatures
  Grinder (D:3)
  Purgy (D:3)
  Ijyb (D:3)
  Jessica (D:3)
  An iguana (D:4)
  2 orc wizards (D:3)
  A gnoll (D:4)
  3 adders
  An adder skeleton (D:4)
  4 worms
  3 dart slugs
  2 leopard geckos
  10 orcs (D:3)
  4 bats
  A giant cockroach (D:1)
  4 goblins
  7 hobgoblins
  12 jackals
  9 kobolds
  4 quokkas
  3 frilled lizards
  5 rats
80 creatures vanquished.

Notes
Turn   | Place    | Note
-------+----------+-------------------------------------------
     0 | D:1      | jestyr24 the Minotaur Fighter began the quest for the Orb.
     0 | D:1      | Reached XP level 1. HP: 19/19 MP: 0/0
   126 | D:1      | Reached XP level 2. HP: 8/27 MP: 1/1
   898 | D:1      | Reached XP level 3. HP: 33/33 MP: 2/2
  1803 | D:3      | Noticed Jessica
  1804 | D:3      | Reached XP level 4. HP: 40/40 MP: 3/3
  1823 | D:3      | Killed Jessica
  1824 | D:3      | Reached skill level 1 in Throwing
  1824 | D:3      | Reached skill level 1 in Dodging
  1933 | D:3      | Noticed Grinder
  1958 | D:3      | Killed Grinder
  1959 | D:3      | Reached skill level 5 in Armour
  1959 | D:3      | Reached skill level 5 in Shields
  1959 | D:3      | Reached XP level 5. HP: 39/47 MP: 4/4
  1959 | D:3      | Reached XP level 6. HP: 44/53 MP: 5/5
  2010 | D:3      | Found a faded altar of an unknown god.
  2466 | D:3      | Noticed Purgy
  2477 | D:3      | Killed Purgy
  2478 | D:3      | Reached skill level 5 in Fighting
  2873 | D:3      | Noticed a fire elemental
  2875 | D:3      | Found a stormy altar of Qazlal.
  2876 | D:3      | Noticed a water elemental
  2876 | D:3      | Noticed an air elemental
  2876 | D:3      | Noticed Ijyb
  2886 | D:3      | Killed Ijyb
  2887 | D:3      | Reached XP level 7. HP: 35/61 MP: 6/6
  3098 | D:4      | HP: 1/61 [acid (15)]
  3099 | D:4      | Killed from afar by a gnoll shaman

Illustrated notes

Levels and vault maps discovered:
D:1:      minmay_arrival_pointy, layout_rooms, palyth_stone_intersect,
          minmay_tall_x
D:2:      layout_basic
D:3:      layout_loops_ring, chequers_ecumenical_altar_simple, minivault_23,
          nicolae_qazlal_style_of_elements, uniq_jessica, uniq_purgy, uniq_ijyb,
          uniq_grinder
D:4:      layout_cave_pools, nicolae_ossuary_entry_plus, corner_web_ring

Skill      XL: |  1  2  3  4  5  6 |
---------------+-------------------+-----
Fighting       | 4 5 |  5.2
Shields        | 4 5 |  5.6
Armour         | 4 5 |  5.7
Throwing       | 3 |  3.4
Dodging        | 1 2 |  2.4
Long Blades    | |  2.4

Action                   |  1- 3 |  4- 6 |  7- 9 || total
-------------------------+-------+-------+-------++-------
Melee: Long sword        |    72 |   113 |     7 ||   192
       Headbutt          |    10 |    13 |     3 ||    26
Throw: Boomerang         |    39 |     8 |    12 ||    59
  Use: Scroll            |       |       |     2 ||     2
Armor: Scale mail        |    39 |    57 |     1 ||    97
Dodge: Dodged            |    28 |    31 |     4 ||    63
Block: Kite shield       |    38 |    62 |     5 ||   105
       Rpst.: Long sword |     6 |     6 |     1 ||    13

Table legend: (Time is in decaauts)
 A = Elapsed time spent in this place.
 B = Non-inter-level travel time spent in this place.
 C = Inter-level travel time spent in this place.
 D = Time resting spent in this place.
 E = Time spent auto-exploring this place.
 F = Levels seen in this place.
 G = Mean time per level.
                   A        B        C        D        E       F      G
               +--------+--------+--------+--------+--------+-----+--------+
         Total |   3219 |   3203 |     16 |    295 |   2235 |   4 |  804.8 |
       Dungeon |   3219 |   3203 |     16 |    295 |   2235 |   4 |  804.8 |
               +--------+--------+--------+--------+--------+-----+--------+

Top non-repeatable levels by time:
     D:3: 1340 daAuts
     D:1: 932 daAuts
     D:2: 871 daAuts
     D:4: 74 daAuts
